← All builds
Tech / Armada / Economy first / OBSERVED BUILD

Standard tech

Armada Tech (Eco) build order · Supreme Isthmus

Rushes T2 by 4:15, gets Advanced Metal Extractor around 5:28, hands off T2 constructors to Geo and the team, then scales eco and supplies the team's T2 needs through the rest of the game.

Usually first T2 con to Geo (83%)

#eco #t2 #team support · 1590 distinct matches · 256 players · 58% of Armada Tech games · team won 53% of 1886 · Recently observed

HOW TO PLAY IT

Key timing: T2 factory by 4:15

  1. Open 3 mex and heavy wind to fund a fast T2 rush.
  2. Put down Bot Lab, planning to eat it for reclaim soon after.
  3. Get Advanced Bot Lab up, hitting the T2 factory rush timing.
  4. Upgrade mex to Advanced Metal Extractor to lock in team metal income.
  5. Eat Advanced Bot Lab and keep sending cons to Geo and Pond.

Phase by phase

TYPICAL OF ITS 1590 GAMES
  1. 1
  2. 2
  3. 3
  4. 4
PLAY THE OPENING

Follow the example game's first 6:00 step by step: what to build now, what comes next, and where it goes. At 1× it keeps pace with your own game.

  1. 1

    Up to the Bot Lab

    Economy
    • Metal Extractor3Mex
    • Wind Turbine4Wind
    Order
    1. Bot LabBot Lab after 3 mex, 4 winddone ~1:18, middle half 1:13–1:32

    Some games also: energy storage (31%)

    By 1:01 in all: 3 mex · 4 wind

    The example game in this phase · 3 steps
    1. Mex ×3
    2. Wind ×3
    3. Bot LabBot Labdone 1:11 · typical 1:18
  2. 2

    Bot Lab to Advanced Bot Lab

    Economy
    • Metal Extractor1Mex
    • Wind Turbine8Wind
    • Energy Storage1Energy storage
    Order
    1. Advanced Bot LabAdvanced Bot Lab after 4 mex, 12 wind, 3 con turretdone ~4:16, middle half 4:04–4:30
    Builders
    • Construction Turret3 Con turret
    • Lazarus3 Lazarus
    • Construction Bot2 Con bot
    • Construction Bot1 Con bot for allies

    Some games also: converter (36%)

    By 3:18 in all: 4 mex · 12 wind · 1 energy storage · 3 con turret

    The example game in this phase · 17 steps
    1. Wind ×2
    2. LazarusLazarus
    3. Wind
    4. Construction BotCon botfor unknown
    5. Wind
    6. LazarusLazarus
    7. Wind
    8. LazarusLazarus ×3
    9. Construction BotCon bot
    10. Energy storage
    11. LazarusLazarus ×2
    12. Construction BotCon bot
    13. Mex
    14. Con turret
    15. LazarusLazarus
    16. Con turret
    17. Advanced Bot LabAdvanced Bot Labdone 4:44 · typical 4:16
  3. 3

    Advanced Bot Lab to 5:00

    Economy
    • Wind Turbine3Wind
    Order
    1. Bot LabEat Bot Lab
    Builders
    • Advanced Construction Bot1 T2 con bot for allies

    Some games also: converter (35%)

    By 5:00 in all: 4 mex · 15 wind · 1 converter · 1 energy storage · 3 con turret

    The example game in this phase · 2 steps
    1. Bot LabEat Bot Labreclaimed for its metal
    2. Advanced Construction BotT2 con botfor Geo
  4. 4

    5:00 to 10:00

    Economy
    • Wind Turbine43Wind
    • Energy Converter6Converter
    Builders
    • Butler9 Butler
    • Advanced Construction Bot4 T2 con bot for allies
    • Advanced Construction Bot1 T2 con bot

    Some games also: con turret (43%) · Butler for allies (37%)

    By 10:00 in all: 4 mex · 58 wind · 8 converter · 1 energy storage · 3 con turret

    The example game in this phase · 146 steps
    1. Advanced Metal ExtractorT2 mexdone 5:35 · typical 5:29
    2. Advanced Construction BotT2 con botfor unknown
    3. FatboyFatboyfor Ponddone 6:06
    4. Advanced Construction BotT2 con bot
    5. Wind
    6. ButlerButler
    7. Wind ×2
    8. Advanced Metal ExtractorT2 mex
    9. Advanced Construction BotT2 con botfor Geo sea
    10. Wind ×2
    11. ButlerButlerfor Geo sea
    12. Advanced Metal ExtractorT2 mex
    13. Advanced Construction BotT2 con botfor Beach sea
    14. ButlerButlerfor Beach sea
    15. GunslingerGunslingernot finished by 15:00
    16. FatboyFatboyfor Pond
    17. Wind
    18. ButlerButler
    19. Wind
    20. ButlerButler
    21. Wind
    22. ButlerButler
    23. Advanced Metal ExtractorT2 mex
    24. Wind
    25. ButlerButler
    26. Wind ×2
    27. ButlerButler
    28. Wind ×2
    29. ButlerButler
    30. Wind ×18
    31. ButlerButler
    32. Wind ×2
    33. Converter
    34. Wind ×3
    35. Converter
    36. Wind ×2
    37. ButlerButler
    38. Wind
    39. Converter ×2
    40. Wind ×4
    41. Converter
    42. ButlerButler
    43. Wind
    44. Converter
    45. Wind ×3
    46. Converter
    47. Wind
    48. Converter ×2
    49. Wind ×5
    50. Advanced Construction BotT2 con bot
    51. Wind
    52. Converter ×2
    53. Wind
    54. Con turret
    55. Wind
    56. Converter
    57. Wind ×4
    58. Converter
    59. Wind ×2
    60. Con turret
    61. Advanced Construction BotT2 con bot
    62. Wind ×4
    63. Converter
    64. Wind
    65. Converter
    66. Wind
    67. Converter
    68. Wind ×3
    69. Converter
    70. Wind ×3
    71. Converter
    72. Wind
    73. ButlerButler
    74. Wind
    75. Converter
    76. Wind ×3
    77. Converter
    78. Wind ×2
    79. Converter
    80. ButlerButler
    81. Wind
    82. Converter
    83. Wind
    84. Converter
    85. Wind ×2
    86. Con turret
    87. Wind
    88. ButlerButler
    89. Wind ×3
    90. Converter
    91. Wind ×3
    92. Con turret
    93. Wind
    94. Converter
    95. Wind ×5
    96. Converter
    97. Wind ×3
    98. Converter
    99. Wind
    100. ButlerButler
    101. Con turret
    102. Wind
    103. Fusion ReactorFusionnot finished by 15:00
    104. Wind ×6
    105. Converter
    106. Wind
    107. Converter
    108. Wind
    109. Converter
    110. Wind
    111. Con turret
    112. Converter
    113. Wind ×6
    114. Converter
    115. Wind ×3
    116. Converter ×2
    117. Wind ×2
    118. Converter
    119. Wind
    120. Con turret
    121. Wind ×2
    122. Converter
    123. Wind ×4
    124. Converter
    125. Energy storage
    126. Wind ×5
    127. Converter
    128. Wind ×4
    129. Converter
    130. Wind ×5
    131. Con turret
    132. Wind ×3
    133. Converter
    134. Wind ×2
    135. Converter
    136. Wind ×4
    137. Converter
    138. Wind ×3
    139. Converter
    140. Wind ×8
    141. Converter
    142. Wind
    143. Converter
    144. Wind ×7
    145. Converter
    146. Wind ×3

Counts are medians over the build's games: half of them build more, half fewer. The example game is cooolcat1239's (32 OS, 15/08/2026); pick another.

Team trades

IN AT LEAST 30% OF ITS GAMES

You hand over

  • Construction Bot1 Con bot to Airfirst at 2:23 · in 84% of games
  • Advanced Construction Bot5 T2 con bot to Air or Geo sea or Pondfirst at 4:50 · in 99% of games
  • Butler2 Butler to Geo sea or Beach sea or Pondfirst at 9:07 · in 42% of games

You get

  • Hercules1 Light transport from Airfirst at 4:01 · in 86% of games

How it plays out

Typical game of this build, running totals by minute

Metal produced

020k40k
0:005:0010:0015:00

metal

Enemy metal destroyed

050100
0:005:0010:0015:00

metal

Own metal lost

050100150
0:005:0010:0015:00

metal

1886 games.

Show as table
ByMetal produced: This buildEnemy metal destroyed: This buildOwn metal lost: This build
1:0038300
2:0091500
3:00165200
4:00314400
5:00484800
6:00580200
7:00722700
8:00906300
9:001117700
10:001350900
11:001624700
12:001967300
13:002345400
14:0027362073
15:003155585130
WHAT THE NUMBERS SAY

Standard Tech play barely fights at all early, instead pouring metal into T2 infrastructure and constructors for the team.

  • + Metal produced hits 31679 by 15:00, by far the highest of any role here.
  • + T2 factory reached in 97% of games by 4:15, fastest and most reliable T2 timing.
  • − Enemy metal destroyed stays at 0 through 10:00, no early offense at all.
  • − Own metal lost also near 0, showing total avoidance of combat risk.
THE EXAMPLE YOU ARE READING

cooolcat1239

32.1 OS · 15/08/2026

Open source match ↗

4 received units
2545 metal received · 64853 energy received

Allied construction assistance is unknown. Timings are observations, not a promise of solo reproducibility.

Typical milestones

Bot Lab1:18Middle 50%: 1:13–1:32 · n=1886
Advanced Bot Lab4:16Middle 50%: 4:04–4:30 · n=1879
Advanced Metal Extractor5:29Middle 50%: 5:05–5:59 · n=1882

Played most by

Amrissa92games of this buildTheGeneraI67games of this buildAdeus57games of this buildEl_Turco56games of this buildKOT_43games of this build